 Dungeon Crawl Stone Soup version 0.21.1-1-g345015f (webtiles) character file.

388 tidbits the Insei (level 6, -1/47 HPs)
             Began as a Gnoll Transmuter on Feb 6, 2018.
             Was an Initiate of Cheibriados.
             Hit by a stone thrown by an orc warrior (11 damage)
             ... on level 4 of the Dungeon.
             The game lasted 00:08:44 (922 turns).

tidbits the Insei (Gnoll Transmuter)                 Turns: 922, Time: 00:08:45

Health: -1/47      AC:  2    Str: 14    XL:     6   Next: 79%
Magic:  14/14      EV: 15    Int: 18    God:    Cheibriados [......]
Gold:   179        SH:  0    Dex: 16    Spells: 9/15 levels left

rFire    . . .     SeeInvis .   a - +3 short sword (elec)
rCold    . . .     Gourm    .   (no shield)
rNeg     . . .     Faith    .   B - +0 robe
rPois    .         Spirit   .   (no helmet)
rElec    .         Reflect  .   (no cloak)
rCorr    +         Harm     .   (no gloves)
MR       .....                  (no boots)
Stlth    ++........             (no amulet)
HPRegen  0.15/turn              K - ring of resist corrosion
MPRegen  0.14/turn              (no ring)

@: very slow
A: distributed training, fangs 1, strong nose
a: Bend Time, Renounce Religion


You were on level 4 of the Dungeon.
You worshipped Cheibriados.
Cheibriados was noncommittal.
You were not hungry.

You visited 2 branches of the dungeon, and saw 5 of its levels.

You collected 179 gold pieces.

Inventory:

Hand Weapons
 a - a +3 short sword of electrocution (weapon)
   (You took it off an orc on level 3 of the Dungeon)
 b - a +0 blowgun
 e - a +0 short sword
 j - a cursed -3 dagger
 k - a +0 rapier
 n - a +0 trident
 t - a +1 trident of flaming
   (You took it off an orc on level 3 of the Dungeon)
 z - a +1 hand axe of chopping
   (You took it off an orc on level 4 of the Dungeon)
Missiles
 g - 8 needles of paralysis
 i - 5 javelins
 p - 8 tomahawks (quivered)
 q - 16 arrows
 r - 14 poisoned needles
 y - 2 silver tomahawks
Armour
 o - a +0 ring mail
 B - a +0 robe (worn)
Jewellery
 w - an uncursed ring of fire
   (You found it on level 4 of the Dungeon)
 K - a ring of resist corrosion (left hand)
   (You found it on level 1 of the Dungeon)
Wands
 x - a wand of enslavement (10)
Scrolls
 h - 2 scrolls of amnesia
 m - a scroll of enchant armour
Potions
 f - 3 potions of heal wounds
 l - a potion of flight
 s - a potion of invisibility {unknown}
 u - a potion of ambrosia {unknown}
 v - a potion of might {unknown}
Books
 c - a book of Changes

   Spells                             Type                      Level
   a - Beastly Appendage              Transmutation                1
   b - Sticks to Snakes               Transmutation                2
   c - Spider Form                    Transmutation/Poison         3
   d - Ice Form                       Ice/Transmutation            4
   e - Blade Hands                    Transmutation                5
Comestibles
 d - 4 rations


   Skills:
 + Level 3.3 Fighting
 + Level 2.1 Short Blades
 + Level 2.1 Long Blades
 + Level 2.1 Axes
 + Level 2.1 Maces & Flails
 + Level 2.1 Polearms
 + Level 2.1 Staves
 + Level 2.1 Slings
 + Level 2.1 Bows
 + Level 2.1 Crossbows
 + Level 2.1 Throwing
 + Level 2.1 Armour
 + Level 5.0 Dodging
 + Level 2.1 Stealth
 + Level 2.1 Shields
 + Level 6.9 Unarmed Combat
 + Level 5.4 Spellcasting
 + Level 1.6 Conjurations
 + Level 1.6 Hexes
 + Level 1.6 Charms
 + Level 1.6 Summonings
 + Level 1.6 Necromancy
 + Level 1.6 Translocations
 + Level 4.1 Transmutations
 + Level 1.6 Fire Magic
 + Level 1.6 Ice Magic
 + Level 1.6 Air Magic
 + Level 1.6 Earth Magic
 + Level 1.6 Poison Magic
 + Level 2.3 Invocations
 + Level 2.1 Evocations


You had 9 spell levels left.
You knew the following spells:

 Your Spells              Type           Power        Failure   Level  Hunger
e - Beastly Appendage     Tmut           ###...       2%          1    None
k - Sticks to Snakes      Tmut           ###.....     3%          2    #......
p - Spider Form           Tmut/Pois      ###.......   12%         3    ##.....


Dungeon Overview and Level Annotations

Branches:
Dungeon (4/15)             Temple (1/1) D:4

Altars:
Ashenzari
Cheibriados
Fedhas
Makhleb
Nemelex Xobeh
Qazlal
Ru
Sif Muna
Vehumet
Wu Jian
Xom
Yredelemnul
Zin


Innate Abilities, Weirdness & Mutations

Your experience applies equally to all skills.
You have very sharp teeth.
Your uncanny sense of smell can sniff out nearby items.


Message History

Cheibriados appreciates the change of pace.
You see here 2 stones.
The orc barely misses your orc warrior.
The orc throws a stone.
The stone closely misses your orc warrior.
The stone barely misses you. What are your orders? t - Bark!
Orders for allies: a - Attack new target. r - Retreat! s - Stop attacking. g - Guard the area. f - Follow me.
Anything else - Cancel.
Gang up on whom?
Press: ? - help, Dir - move target cursor, f - orc
Aim: an orc, wielding a flail Attack!
Your orc warrior hits the orc with a scimitar!!
The orc dies!
Cheibriados thoroughly appreciates the change of pace.
Unknown command.
Your orc warrior throws a stone.
The stone completely misses the orc.
Things that are here:
a stone; a tomahawk
p - 8 tomahawks (gained 1)
Your orc warrior hits the orc but does no damage.
The orc throws a stone.
The stone barely misses your orc warrior.
The stone hits you but does no damage.
Your orc warrior barely misses the orc.
The orc throws a stone.
The stone misses your orc warrior. The stone barely misses you.
What are your orders? t - Bark!
Orders for allies: a - Attack new target. r - Retreat! s - Stop attacking. g - Guard the area. f - Follow me.
Anything else - Cancel.
Gang up on whom?
Press: ? - help, Dir - move target cursor, f - orc
Aim: an orc, wielding a trident Attack!
Your orc warrior hits the orc with a scimitar!!
The orc dies!
Cheibriados appreciates the change of pace.
Your orc warrior throws a stone.
You see here 2 stones.
Things that are here:
2 stones; an iguana corpse What are your orders? t - Bark!
Orders for allies: a - Attack new target. r - Retreat! s - Stop attacking. g - Guard the area. f - Follow me.
Anything else - Cancel.
Retreat in which direction?
Press: ? - help, Dir - move target cursor Fall back!
Items here: )) [ †† a leather armour; a mace; a flail; an orc corpse x2
Things that are here:
2 stones; an orc corpse; a jackal corpse
Items here: $ (( )) a trident; 8 stones; a flail; 15 gold pieces; 2 tomahawks
Okay, then.
What are your orders? t - Bark!
Orders for allies: a - Attack new target. r - Retreat! s - Stop attacking. g - Guard the area. f - Follow me.
Anything else - Cancel.
Gang up on whom?
Press: ? - help, Dir - move target cursor, f - orc wizard
Aim: an orc wizard, wielding a dagger and wearing a robe Attack!
The orc wizard casts a spell at you. The magic dart hits you!
* * * LOW HITPOINT WARNING * * *
The orc warrior is no longer charmed.
The orc warrior throws a stone.
The stone hits you.
* * * LOW HITPOINT WARNING * * *
The orc warrior throws a stone.
The stone misses you.
Things that are here:
3 stones; an orc corpse; a jackal corpse Evoke which item? (* to show all) (? for menu, Esc to quit)
Aiming: Enslavement
Press: ? - help, Shift-Dir - straight line, f - orc warrior
Aim: an orc warrior, wielding a scimitar and wearing a chain mail (lightly wounded, chance to defeat MR: 51%)
The orc warrior is charmed.
Your orc warrior throws a stone.
The stone barely misses the orc wizard.
What are your orders? t - Bark!
Orders for allies: a - Attack new target. p - Attack previous target. r - Retreat! s - Stop attacking. g - Guard the area. f - Follow me.
Anything else - Cancel.
Gang up on whom?
Press: ? - help, Dir - move target cursor, f - orc wizard, p - orc warrior
Aim: an orc wizard, wielding a dagger and wearing a robe Attack!
Your orc warrior throws a stone.
The stone completely misses the orc wizard.
The stone hits you!
You die...

.####.##.#..#....#
................#
.... #......##.#
#.#.###.#.#.....
#<#......)####.# ∆
#.##.##.### ... #
#.##(##[# ...
##.##.####.......#
...
....o..o@[((#.#####
..
######(####.......#
... #...###.# #...o
#....# ∆ #.8..
#8...... (.....
##.....#. . ##.#.#.
#.....# .# . #.#.#.
#...... # ##.#..##


You could see an orc wizard and a friendly orc warrior.

Vanquished Creatures
  A phantom (D:4)
  2 water moccasin skeletons
  An orc priest (D:4)
  An iguana (D:4)
  A worker ant (D:3)
  6 adders (D:3)
  An ooze (D:3)
  2 dart slugs
  13 orcs
  2 giant cockroaches
  4 goblins
  4 hobgoblins
  3 jackals (D:4)
  A quokka (D:3)
  3 bats
  3 frilled lizards
  8 kobolds
  3 rats
59 creatures vanquished.

Vanquished Creatures (collateral kills)
  A worm (D:2)
  4 orcs (D:4)
  2 bats
  A goblin (D:3)
  A jackal (D:4)
  A frilled lizard (D:3)
  A kobold (D:2)
11 creatures vanquished.

Grand Total: 70 creatures vanquished

Notes
Turn   | Place    | Note
-------+----------+-------------------------------------------
     0 | D:1      | tidbits the Gnoll Transmuter began the quest for the Orb.
     0 | D:1      | Reached XP level 1. HP: 17/17 MP: 6/6
   144 | D:1      | Reached XP level 2. HP: 23/23 MP: 5/7
   151 | D:1      | Learned a level 2 spell: Sticks to Snakes
   177 | D:2      | Reached skill level 1 in Short Blades
   177 | D:2      | Reached skill level 1 in Long Blades
   177 | D:2      | Reached skill level 1 in Axes
   177 | D:2      | Reached skill level 1 in Maces & Flails
   177 | D:2      | Reached skill level 1 in Polearms
   177 | D:2      | Reached skill level 1 in Staves
   177 | D:2      | Reached skill level 1 in Slings
   177 | D:2      | Reached skill level 1 in Bows
   177 | D:2      | Reached skill level 1 in Crossbows
   177 | D:2      | Reached skill level 1 in Throwing
   177 | D:2      | Reached skill level 1 in Armour
   177 | D:2      | Reached skill level 1 in Stealth
   177 | D:2      | Reached skill level 1 in Shields
   177 | D:2      | Reached skill level 5 in Spellcasting
   177 | D:2      | Reached skill level 1 in Invocations
   177 | D:2      | Reached skill level 1 in Evocations
   177 | D:2      | Reached XP level 3. HP: 6/28 MP: 6/9
   177 | D:2      | Reached XP level 4. HP: 7/34 MP: 7/11
   182 | D:2      | Learned a level 3 spell: Spider Form
   418 | D:3      | Reached skill level 1 in Conjurations
   418 | D:3      | Reached skill level 1 in Hexes
   418 | D:3      | Reached skill level 1 in Charms
   418 | D:3      | Reached skill level 1 in Summonings
   418 | D:3      | Reached skill level 1 in Necromancy
   418 | D:3      | Reached skill level 1 in Translocations
   418 | D:3      | Reached skill level 1 in Fire Magic
   418 | D:3      | Reached skill level 1 in Ice Magic
   418 | D:3      | Reached skill level 1 in Air Magic
   418 | D:3      | Reached skill level 1 in Earth Magic
   418 | D:3      | Reached skill level 1 in Poison Magic
   418 | D:3      | Reached XP level 5. HP: 25/40 MP: 2/12
   447 | D:4      | Noticed an ogre
   524 | D:3      | Reached skill level 3 in Fighting
   524 | D:3      | Reached skill level 4 in Transmutations
   585 | D:3      | Found a sparkling altar of Nemelex Xobeh.
   599 | D:3      | Found a glowing silver altar of Zin.
   601 | D:3      | Found a basalt altar of Yredelemnul.
   603 | D:3      | Found a shattered altar of Ashenzari.
   678 | D:3      | Reached XP level 6. HP: 37/47 MP: 2/13
   700 | D:4      | Found a staircase to the Ecumenical Temple.
   700 | D:4      | Noticed a phantom
   715 | D:4      | Killed a phantom
   715 | D:4      | Reached skill level 5 in Dodging
   715 | D:4      | Reached skill level 2 in Invocations
   721 | Temple   | Entered the Ecumenical Temple
   783 | Temple   | Became a worshipper of Cheibriados the Contemplative
   856 | D:4      | Reached skill level 2 in Short Blades
   856 | D:4      | Reached skill level 2 in Long Blades
   856 | D:4      | Reached skill level 2 in Axes
   856 | D:4      | Reached skill level 2 in Maces & Flails
   856 | D:4      | Reached skill level 2 in Polearms
   856 | D:4      | Reached skill level 2 in Staves
   856 | D:4      | Reached skill level 2 in Slings
   856 | D:4      | Reached skill level 2 in Bows
   856 | D:4      | Reached skill level 2 in Crossbows
   856 | D:4      | Reached skill level 2 in Throwing
   856 | D:4      | Reached skill level 2 in Armour
   856 | D:4      | Reached skill level 2 in Stealth
   856 | D:4      | Reached skill level 2 in Shields
   856 | D:4      | Reached skill level 2 in Evocations
   880 | D:4      | Noticed an orc warrior
   922 | D:4      | Hit by a stone thrown by an orc warrior

Skill      XL: |  1  2  3  4  5  6 |
---------------+-------------------+-----
Short Blades   | 1 2 |  2.1
Long Blades    | 1 2 |  2.1
Axes           | 1 2 |  2.1
Maces & Flails | 1 2 |  2.1
Polearms       | 1 2 |  2.1
Staves         | 1 2 |  2.1
Slings         | 1 2 |  2.1
Bows           | 1 2 |  2.1
Crossbows      | 1 2 |  2.1
Throwing       | 1 2 |  2.1
Armour         | 1 2 |  2.1
Stealth        | 1 2 |  2.1
Shields        | 1 2 |  2.1
Spellcasting   | 5 |  5.4
Invocations    | 1 2 |  2.3
Evocations     | 1 2 |  2.1
Conjurations   | 1 |  1.6
Hexes          | 1 |  1.6
Charms         | 1 |  1.6
Summonings     | 1 |  1.6
Necromancy     | 1 |  1.6
Translocations | 1 |  1.6
Fire Magic     | 1 |  1.6
Ice Magic      | 1 |  1.6
Air Magic      | 1 |  1.6
Earth Magic    | 1 |  1.6
Poison Magic   | 1 |  1.6
Fighting       | 3 |  3.3
Transmutations | 4 |  4.1
Dodging        | 5 |  5.0
Unarmed Combat | |  6.9

Action                   |  1- 3 |  4- 6 || total
-------------------------+-------+-------++-------
Melee: Unarmed           |    23 |    82 ||   105
       Bite              |     4 |     8 ||    12
       Punch             |     2 |     1 ||     3
       Headbutt          |     1 |       ||     1
       Kick              |       |    13 ||    13
       Short sword       |       |    40 ||    40
 Cast: Beastly Appendage |     4 |    12 ||    16
       Sticks to Snakes  |       |    11 ||    11
       Spider Form       |       |     9 ||     9
Evoke: Wand              |       |     2 ||     2
  Use: Scroll            |       |     5 ||     5
       Potion            |       |     1 ||     1
 Stab: Sleeping          |     1 |     1 ||     2
  Eat: Ration            |       |     1 ||     1
Armor: Robe              |     5 |     6 ||    11
       Skin              |       |     2 ||     2
Dodge: Dodged            |    10 |    92 ||   102

Table legend:
 A = Turns spent in this place as a percentage of turns spent in the entire game.
 B = Non-inter-level travel turns spent in this place as a percentage of non-inter-level travel turns spent in the entire game.
 C = Inter-level travel turns spent in this place as a percentage of turns spent in this place.
 D = Turns resting spent in this place as a percentage of non-inter-level travel turns spent in this place.
 E = Turns spent auto-exploring this place as a percentage of non-inter-level travel turns spent in this place.
 F = Non-inter-level travel turns spent in this place divided by the number of levels of this place that you've seen.
                   A       B       C       D       E      F
               +-------+-------+-------+-------+-------+----------------------
         Total | 100.0 | 100.0 |   0.0 |   0.0 |   0.0 | 184.4
       Dungeon |  89.4 |  89.4 |   0.0 |   0.0 |   0.0 | 206.0
        Temple |  10.6 |  10.6 |   0.0 |   0.0 |   0.0 |  98.0
               +-------+-------+-------+-------+-------+----------------------

Table legend:
 A = Kills in this place as a percentage of kills in entire the game.
 B = Kills by you in this place as a percentage of kills by you in the entire game.
 C = Kills by friends in this place as a percentage of kills by friends in the entire game.
 D = Other kills in this place as a percentage of other kills in the entire game.
 E = Experience gained in this place as a percentage of experience gained in the entire game.
 F = Experience gained in this place divided by the number of levels of this place that you have seen.
                   A       B       C       D       E      F
               +-------+-------+-------+-------+-------+----------------------
         Total | 100.0 | 100.0 | 100.0 |   N/A | 100.0 | 111.0
       Dungeon | 100.0 | 100.0 | 100.0 |   N/A | 100.0 | 138.8
               +-------+-------+-------+-------+-------+----------------------

Vault maps used:
D:1:      saegor_arrival_simple_d
D:2:      nicolae_overflow_hidden_temple, first_ration
D:3:      minitemple, minmay_goblin_outpost
D:4:      kennysheep_goblin_castle, minmay_overflow_temple_star_quad,
          lemuel_coloured_pillars_altar, minmay_temple_entry_glassed_door,
          minmay_misc_feat_more_columns, guppyfry_early_orc_mine, uniq_natasha
Temple:   minmay_temple_curvy_loop
